 Seeded DCSS version 0.29.1-15-g9cfb28693d (webtiles) character file.

Game seed: 6390925637214205193 (custom seed)

6 Mickster the Charlatan (level 1, 0/14 HPs)
             Began as a Demigod Wanderer on Feb 24, 2023.
             Slain by a bat (1 damage)
             ... on level 1 of the Dungeon.
             The game lasted 00:03:43 (135 turns).

Mickster the Charlatan (Demigod Wanderer)            Turns: 135, Time: 00:03:43

Health: 0/14       AC:  4    Str: 13    XL:     1   Next: 60%
Magic:  4/4        EV: 11    Int: 12    God:
Gold:   4          SH:  0    Dex: 15    Spells: 1/2 levels left

rFire   . . .      SeeInvis .   a - +0 dagger
rCold   . . .      Faith    .   (no shield)
rNeg    . . .      Spirit   .   d - +0 leather armour
rPois   .          Reflect  .   b - +0 helmet
rElec   .          Harm     .   (no cloak)
rCorr   .          Rampage  .   (no gloves)
Will    .....                   (no boots)
Stlth   +.........              (no amulet)
HPRegen 0.04/turn               (no ring)
MPRegen 0.09/turn               (no ring)

@: no status effects
A: high MP 1, forlorn, divine attributes
a: no special abilities


You were on level 1 of the Dungeon.
You visited 1 branch of the dungeon, and saw 1 of its levels.

You collected 4 gold pieces.

Inventory:

Hand Weapons
 a - a +0 dagger (weapon)
Armour
 b - a +0 helmet (worn)
 d - a +0 leather armour (worn)
Wands
 e - a wand of polymorph (13)
Potions
 c - a potion of attraction


   Skills:
 + Level 1.0 Throwing
 + Level 1.0 Armour
 + Level 1.0 Dodging
 + Level 1.0 Spellcasting
 + Level 1.0 Translocations
 + Level 4.7 Evocations


You had one spell level left.
You knew the following spells:

 Your Spells              Type           Power      Damage    Failure   Level
a - Apportation           Tloc           6%         N/A       26%         1

Your spell library contained the following spells:

 Spells                   Type           Power      Damage    Failure   Level
 Teleport Other           Tloc           3%         N/A       58%         3


Dungeon Overview and Level Annotations

Branches:
Dungeon (1/15)


Innate Abilities, Weirdness & Mutations

You have an increased reservoir of magic. (+10% MP)
You shall have no god before yourself.
Your divine heritage dramatically boosts your attributes as you level up.


Message History

A bat comes into view.
The bat misses you. The bat hits you but does no damage.
Casting: Apportation (safe; 26% risk of failure)
Confirm with . or Enter, or press ? or * to list all spells.
Aiming: Apportation (safe; 26% risk of failure)
Press: ? - help, Dir - move target Apport: a +0 club Yoink!
You pull the item towards yourself.
The bat closely misses you.
You closely miss the bat. The bat hits you but does no damage.
The bat hits you but does no damage.
You miss the bat. The bat barely misses you.
The bat hits you but does no damage.
You barely miss the bat. The bat closely misses you.
You hit the bat but do no damage. The bat hits you but does no damage.
The bat hits you.
* * * LOW HITPOINT WARNING * * *
The bat closely misses you.
You barely miss the bat. The bat barely misses you.
The bat hits you but does no damage. The bat barely misses you.
The bat hits you.
* * * LOW HITPOINT WARNING * * *
The bat hits you but does no damage. The bat barely misses you.
You barely miss the bat. The bat hits you.
* * * LOW HITPOINT WARNING * * *
Unknown command.
As you read the scroll labelled WAEDOG VUMEI, it crumbles to dust.
It is a scroll of identify.
You don't have any unidentified items.
The bat barely misses you.
You barely miss the bat. The bat hits you but does no damage. The bat hits you.
* * * LOW HITPOINT WARNING * * *
The bat hits you but does no damage. The bat hits you but does no damage.
You hit the bat but do no damage. The bat barely misses you. The bat hits you.
You die...

..###.#.# .# # #.....#.#
.#.## .[....###.#..b
#....#......#
#....#......# #.#†#......#
.. #######.#.#......# #.#
.........).......#.##.####
..#####.#@#.#.####.##..#..
##.#b#.#.####.##.....
####....#.#.#....##..#..
..........#.#.#....##.....
..##..###.....#....##.....
#..# #..#...#....##.....
#..# #$..#............)#.
#.. ...#.#...#######..†..
#. #.###.................


You could see a bat.

Vanquished Creatures
  A ball python (D:1)
  An endoplasm (D:1)
  A goblin (D:1)
  A kobold (D:1)
  2 rats (D:1)
6 creatures vanquished.

Notes
Turn   | Place    | Note
-------+----------+-------------------------------------------
     0 | D:1      | Mickster the Demigod Wanderer began the quest for the Orb.
     0 | D:1      | Mickster set off with the following items: a +0 dagger, a
                  | +0 helmet, a potion of attraction, a +0 leather armour, a
                  | wand of polymorph (13); and the following spell memorised:
                  | Apportation; and the following spells available to
                  | memorise: Teleport Other.
     0 | D:1      | Reached XP level 1. HP: 14/14 MP: 4/4
   135 | D:1      | Slain by a bat

Illustrated notes

Levels and vault maps discovered:
D:1:      dpeg_arrival_more_subterranean_lakeside_camping, layout_basic,
          serial_shops, shop, minmay_tetromino_t2

Action                   || total
-------------------------++-------
Melee: Dagger            ||    27
       Punch             ||     1
 Cast: Apportation       ||     1
  Use: Scroll            ||     2
Armor: Leather armour    ||    25
Dodge: Dodged            ||    27
